Map: NeoSchool - LOTV Graveside

Players

nTe - Winner!

  • Race: Terran Terran
  • League: Bronze
  • Spawn Location: 11:00

Computer 2

  • Race: Terran Terran
  • Spawn Location: 5:00

VOD

Have the link to the VOD?

Description

nTe Neoschool

Time

  • Played on: Dec. 17, 2015, 2:52 p.m.
  • Length: 9:34
Show
View Real Time Build Order
Export as new Build Order

nTe Terran - Winner!

Build Orders: Reaper Expand 

Get SALT Encoding   

  12  0:01  SCV  
  13  0:13  SCV  
  14  0:18  Supply Depot  
  14  0:25  Refinery  
  14  0:27  SCV  
  15  0:43  Barracks  
  15  0:45  SCV  
  16  0:57  SCV  
  17  1:09  SCV  
  18  1:21  SCV  
  19  1:30  Reaper  
  20  1:33  Supply Depot  
  20  1:45  Command Center  
  21  1:55  Orbital Command  
  20  2:01  Refinery  
  20  2:23  Barracks Reactor  
  20  2:25  Supply Depot  
  19  2:39  SCV  
  20  2:48  Supply Depot  
  20  2:51  SCV  
  20  2:57  SCV  
  20  2:58  Barracks  
  22  3:02  Marine x2  
  22  3:03  SCV  
  25  3:11  SCV  
  26  3:15  SCV  
  27  3:23  SCV  
  27  3:26  Factory  
  28  3:28  Marine  
  28  3:29  Marine  
  30  3:40  SCV x2  
  32  3:46  Marine x2  
  34  3:48  Barracks Reactor  
  34  3:54  Barracks  
  34  3:56  SCV  
  34  3:59  SCV  
  36  4:13  Starport, Factory Reactor  
  36  4:18  SCV x2  
  38  4:27  Marine  
  38  4:28  Marine x2  
  38  4:30  SCV x2  
  43  4:41  Supply Depot  
  43  4:42  SCV  
  43  4:43  Barracks Tech Lab  
  44  4:47  Barracks  
  44  4:50  SCV  
  45  4:53  Refinery  
  45  5:02  SCV  
  45  5:03  SCV  
  47  5:07  Medivac  
  47  5:08  Supply Depot  
  47  5:14  SCV, Marine  
  49  5:15  SCV, Factory Tech Lab  
  52  5:22  Marine  
  52  5:23  Marine x3  
  52  5:27  SCV x2, Medivac  
  60  5:36  Supply Depot  
  60  5:38  Siege Tank  
  60  5:41  Barracks Reactor  
  60  5:42  Combat Shields  
  63  5:49  Marine x4  
  66  5:51  Refinery  
  67  6:09  Marine x5  
  67  6:10  Barracks  
  72  6:11  Siege Tank  
  72  6:14  SCV  
  72  6:16  SCV  
  77  6:27  Marine x2  
  78  6:38  Marine x3  
  81  6:40  Medivac  
  81  6:43  Siege Tank  
  81  6:44  Marine  
  81  6:45  Marine  
  88  6:52  Orbital Command  
  88  6:55  Marine  
  88  6:56  Marine x2  
  91  7:02  Marine  
  91  7:05  Marine  
  93  7:09  Barracks Reactor  
  93  7:13  Engineering Bay, Marine x3  
  96  7:15  Siege Tank  
  96  7:20  Marine  
  100  7:23  Marine  
  101  7:31  Marine x3  
  104  7:38  Command Center, Marine  
  104  7:41  Marine  
  106  7:44  Medivac  
  106  7:49  Marine x3  
  110  7:56  Marine  
  105  7:59  Marine  
  101  8:07  Marine x3  
  95  8:35  Marine  
  95  8:36  Marine x4  
  100  8:46  Siege Tank  
  100  8:47  Medivac  
  105  8:53  Marine  
  105  8:54  Marine x4  
  110  9:11  Marine x4  
  110  9:12  Marine  
  110  9:14  SCV  
  110  9:15  SCV  
Show
View Real Time Build Order
Export as new Build Order

Computer 2 Terran 

Build Orders:  

Get SALT Encoding   

  12  0:10  Supply Depot  
  12  0:27  SCV  
  13  0:34  Barracks  
  13  0:39  SCV  
  13  0:40  Refinery  
  14  0:51  SCV  
  15  1:03  SCV  
  16  1:17  Supply Depot  
  16  1:20  Marine  
  16  1:21  Orbital Command  
  17  1:38  Marine  
  18  1:42  Barracks  
  18  1:46  SCV  
  19  1:52  Refinery  
  19  1:57  Barracks Tech Lab  
  19  1:59  SCV  
  20  2:16  Marauder  
  22  2:32  Marine  
  23  2:40  Supply Depot  
  23  2:48  Marine  
  24  3:05  Marine  
  25  3:16  Supply Depot  
  25  3:21  Marine  
  26  3:38  SCV, Marine  
  28  3:50  SCV, Engineering Bay  
  28  3:55  Marauder  
  31  4:02  SCV  
  32  4:14  SCV  
  32  4:16  Marauder  
  35  4:26  SCV  
  35  4:31  Supply Depot  
  36  4:37  Marauder  
  39  4:38  SCV  
  39  4:50  Factory  
  39  4:59  Marauder  
  41  5:35  Factory Tech Lab  
  41  5:56  Cyclone  
  44  7:08  Cyclone  
  44  7:11  Supply Depot  
  44  7:12  Barracks Tech Lab  
  44  7:15  Factory  
  47  7:17  Missile Turret  
  47  7:18  Missile Turret  
  47  7:21  Command Center, Barracks  
  47  7:32  SCV, Reaper  
  47  7:35  Sensor Tower  
  49  7:38  Supply Depot  
  49  7:40  Bunker  
  49  7:41  Marine  
  50  7:50  Cyclone  
  53  7:53  Starport  
  53  7:57  Armory  
  48  7:58  Marine  
  48  7:59  Factory Tech Lab  
  44  8:07  Marine  
  41  8:15  Marine  
  36  8:24  Marine  
  36  8:26  Unknown  
  37  8:30  Starport Tech Lab  
  28  8:36  SCV  
  26  8:41  Marine  
  25  8:48  Marine  
  25  8:50  Raven  
  18  8:59  Marine  
  11  9:03  Hellion  
  13  9:12  Marauder  
  14  9:20  Barracks Tech Lab  
Tags
 
Add a new tag
Caveats
  • Supply blocks, unpowered buildings, or Contaminate may cause inaccurate times.
  • Supply counts are checked every 10 seconds.